AoeStats
← znlpyy

Black Forest

503798362Analyzed
3v3 RM · 1mo ago on Sep 2, 2026· 42m 15s· 6 players
Game mode
Random Map
Map size
Normal (6 player)
Population
200
Speed
Normal
Resources
Standard
Victory
Conquest
Starting age
Dark Age
Ending age
Imperial Age
RankedLock teamsTeams togetherTeam positionsShared explorationLock speedFull tech treeHidden civsTurbo modeCheats
Victory
Defeat
🇨🇳 Britons · China
1223
+14
🇨🇳 Turks · China
1208
+14
🇨🇳 Goths · China
1181
+16
🇳🇱 Dravidians · Netherlands
1222
-17
🇸🇪 Franks · Sweden
1195
-16
🇨🇳 Persians · China
1109
-12
zhuge2021
0:30 Loom
12:26 Feudal Age
18:19 Castle Age
17:06 Double-Bit Axe
19:23 Bow Saw
21:16 Horse Collar
28:08 Wheelbarrow
28:39 Stone Mining
28:40 Gold Mining
30:08 Stone Shaft Mining
30:40 Heavy Plow
32:33 Gold Shaft Mining
35:13 Imperial Age
33:02 Hand Cart
35:03 Scale Barding Armor
35:09 Forging
35:35 Husbandry
35:46 Bloodlines
34:57 Cavalier
36:45 Two-Man Saw
36:17 Crop Rotation
36:31 Savar
37:58 Pikeman
38:39 Squires
40:10 Chain Barding Armor
40:26 Iron Casting
39:52 Scale Mail Armor
40:52 Halberdier
Tyremeus
1:21 Loom
11:00 Feudal Age
15:02 Castle Age
13:00 Double-Bit Axe
23:28 Bow Saw
25:56 Wheelbarrow
29:50 Imperial Age
27:42 Gold Mining
28:51 Scale Barding Armor
28:57 Forging
29:29 Hand Cart
29:43 Hand Cart
30:49 Chain Barding Armor
31:32 Chemistry
30:20 Cavalier
31:37 Iron Casting
31:38 Chivalry
32:00 Conscription
32:45 Plate Barding Armor
34:08 Gold Shaft Mining
33:42 Husbandry
34:02 Town Watch
33:49 Paladin
35:48 Blast Furnace
36:17 Siege Engineers
37:52 Onager
39:37 Caravan
41:29 Fletching
41:39 Padded Archer Armor
Lewon
0:35 Loom
11:43 Feudal Age
15:33 Castle Age
13:50 Double-Bit Axe
15:52 Wheelbarrow
16:45 Horse Collar
18:14 Bow Saw
21:38 Bow Saw
22:58 Heavy Plow
23:26 Stone Mining
23:27 Gold Mining
26:48 Fletching
26:59 Padded Archer Armor
30:07 Imperial Age
28:17 Bodkin Arrow
28:37 Leather Archer Armor
29:33 Ballistics
29:23 Masonry
29:29 Stone Mining
29:52 Caravan
30:53 Thumb Ring
31:27 Hand Cart
32:32 Chemistry
30:54 Elite Skirmisher
31:37 Bracer
32:07 Ring Archer Armor
32:37 Elite Elephant Archer
34:14 Murder Holes
34:30 Fortified Wall
35:41 Two-Man Saw
2265138721
9:56 Feudal Age
11:31 Loom
14:11 Castle Age
12:01 Double-Bit Axe
15:26 Bow Saw
15:16 Horse Collar
18:25 Heavy Plow
21:48 Wheelbarrow
23:11 Hand Cart
23:58 Loom
24:37 Gold Mining
28:20 Imperial Age
25:39 Town Watch
25:47 Fletching
25:58 Padded Archer Armor
26:14 Stone Mining
27:00 Gold Shaft Mining
27:36 Ballistics
27:27 Masonry
26:58 Treadmill Crane
27:14 Bodkin Arrow
27:35 Leather Archer Armor
27:41 Leather Archer Armor
29:32 Bracer
30:02 Ring Archer Armor
30:35 Chemistry
30:06 Architecture
30:10 Conscription
30:02 Town Patrol
30:45 Ring Archer Armor
31:50 Two-Man Saw
31:05 Elite Longbowman
31:43 Pikeman
32:24 Squires
32:29 Scale Mail Armor
32:39 Forging
32:45 Siege Engineers
34:29 Warwolf
34:55 Yeomen
34:27 Halberdier
37:34 Chain Mail Armor
37:54 Iron Casting
39:28 Plate Mail Armor
43:17 Blast Furnace
43:12 Coinage
mipolin
12:27 Feudal Age
16:07 Castle Age
14:34 Double-Bit Axe
14:31 Horse Collar
22:43 Bow Saw
22:42 Heavy Plow
24:26 Stone Mining
24:27 Gold Mining
26:22 Gold Shaft Mining
27:10 Wheelbarrow
26:23 Town Watch
31:59 Imperial Age
29:50 Hand Cart
29:35 Town Patrol
29:22 Loom
30:15 Forging
30:11 Scale Barding Armor
31:19 Sipahi
31:55 Husbandry
32:05 Bloodlines
32:03 Heavy Camel Rider
34:06 Two-Man Saw
34:51 Chain Barding Armor
35:08 Iron Casting
36:40 Plate Barding Armor
38:05 Blast Furnace
znlpyy
1:23 Loom
14:41 Feudal Age
15:48 Double-Bit Axe
20:14 Castle Age
19:10 Horse Collar
26:34 Man-at-Arms
27:15 Squires
29:03 Bow Saw
28:56 Scale Mail Armor
33:28 Imperial Age
31:03 Gold Mining
33:10 Masonry
33:13 Heavy Plow
33:31 Forging
33:36 Chain Mail Armor
33:28 Padded Archer Armor
33:03 Long Swordsman
33:04 Pikeman
34:44 Wheelbarrow
33:58 Town Watch
34:53 Crop Rotation
35:51 Chemistry
36:09 Iron Casting
36:15 Perfusion
35:38 Two-Handed Swordsman
37:30 Hand Cart
37:17 Town Patrol
38:20 Two-Man Saw
37:13 Elite Skirmisher
38:10 Anarchy
40:10 Ballistics
39:56 Halberdier
43:28 Blast Furnace
42:19 Fletching
42:44 Leather Archer Armor
Connection lost

Rejoining the realm…

Still unreachable

The connection could not be restored.

Session expired

The server has moved on; the page needs a fresh start.